[Event "Vugar Gashimov Memorial 2023"]
[Site "Chess.com"]
[Date "2023.12.09"]
[Round "5"]
[White "Radjabov, Teimour"]
[Black "Van Foreest, Jorden"]
[Result "0-1"]
[WhiteElo "2691"]
[BlackElo "2655"]
[ECO "A13"]
[EventDate "2023.??.??"]
[Annotator "rafael"]
[PlyCount "58"]
[Beauty "8250363760654"]
[EventType "team-tourn"]
[TimeControl "600+10"]

1.Nf3 d5 2.e3 Nf6 3.b3 e6 4.Bb2 Bd6 5.c4 O-O 6.d4 b6 7.Nc3 Bb7 8.Be2 Nbd7 9.O-O a6 {The game arrived in a typical Semi-Slav Defense type of position with the advantage that Black didn't play c7-c6 and can advance the pawn to c5 in one go.} 10.Rc1 Qe7 11.Qc2 {Radjabov had already played this position with White this year. In the other game, he preferred to exchange on d5 immediately.} ( 11.cxd5 exd5 12.Qc2 Rac8 13.Rfd1 Ne4 {with equality in Radjabov-Malakhov, Chess.com rapid 2023.} ) 11...Rac8 {Black prepares the c7-c5 advance without disguise.} 12.Rfd1 Rfe8 {Van Foreest decides to wait a bit more before pushing the c-pawn.} ( 12...c5 {is also possible.} ) 13.h3 ( 13.Qb1 {is natural, hiding the queen from the x-ray with the c8-rook. Now Black can play} 13...dxc4 14.bxc4 c5 {with a good position.} ) 13...h6 {If your opponent can play h2-h3 in the middle of nowhere, you can usually do the same.} 14.a4 {An interesting opening novelty. In addition to preparing a4-a5 and attacking the queenside, White prevents the advance of the pawn to b5 in some lines.} ( 14.Qb1 ) 14...c5 ( 14...dxc4 $6 15.bxc4 c5 16.d5 exd5 17.cxd5 {The idea of 14.a4 is clear here: White has an advantage because Black cannot play ...b5.} ) 15.cxd5 exd5 ( 15...Nxd5 {is inaccurate, as the exchange of knights favors White.} 16.Nxd5 exd5 17.Qf5 {with a small advantage.} ) 16.Qb1 ( 16.Bd3 {This somewhat obscure move is the computer's favorite.} ) 16...Nf8 $1 {[%c_effect f8;square;f8;type;GreatFind;persistent;true] Maneuvering the knight at e6, where it will exert pressure on the center.} 17.a5 {Radjabov decides to create contact on the queenside.} ( 17.Nh4 {is a possible alternative:} 17...g6 18.Nf3 {The opening of the a1-h8 diagonal gives some possibilities for White, but Black has a good position after} 18...Ne6 ) 17...bxa5 ( 17...b5 {is also interesting. Black is slightly better after} 18.dxc5 Bxc5 ) 18.dxc5 ( 18.Na4 {keeps the game balanced. A possible variation is} 18...Ne4 19.dxc5 Nxf2 $1 20.cxd6 Qxe3 21.Bd4 $1 Nxh3+ 22.Kh1 $1 ( 22.Kh2 $2 {[%c_effect h2;square;h2;type;Mistake;persistent;true] loses after} 22...Qf4+ 23.Kxh3 Rxe2 {Black's attack is too strong.} ) 22...Nf2+ ( 22...Qxe2 23.Re1 ) 23.Kg1 {with perpetual check.} ) 18...Bxc5 19.Nd4 $2 {[%c_effect d4;square;d4;type;Mistake;persistent;true] This allows Black to unleash the full power of his position.} ( 19.Na4 $2 {[%c_effect a4;square;a4;type;Mistake;persistent;true] is also bad after} 19...Bxe3 $1 ) ( 19.Bf1 {keeps the game more or less equal.} ) 19...Bxd4 $1 20.Rxd4 ( 20.exd4 {loses material after} 20...Rxc3 $1 21.Bxc3 Qxe2 22.Re1 Qb5 ) 20...Ne6 21.Rd2 ( 21.Rdd1 {doesn't change much. The attack is equally strong after} 21...d4 $1 22.exd4 Nf4 23.Bf1 Ne4 ) 21...d4 $1 {[%c_effect d4;square;d4;type;GreatFind;persistent;true] The typical advance of the isolated pawn is fatal.} 22.exd4 Nf4 23.Bf1 Ne4 {The black knights are very menacing.} 24.Rdc2 {The white queen is completely out of the game.} 24...Nxh3+ $1 {[%c_effect h3;square;h3;type;GreatFind;persistent;true] Destroying the white king's protection.} 25.gxh3 Qg5+ 26.Kh2 Qf4+ 27.Kg1 Ng5 $1 28.d5 ( 28.Bg2 {ends in mate after} 28...Bxg2 29.Kxg2 Qf3+ 30.Kg1 Nxh3+ 31.Kh2 Nf4 ) 28...Nf3+ 29.Kg2 Rxc3 $1 {[%c_effect c3;square;c3;type;GreatFind;persistent;true] An elegant finish. Black removes the defense of the d5-pawn.} ( 29...Qg5+ {is the same:} 30.Kxf3 Rxc3+ ) ( 29...Rxc3 30.Rxc3 Qg5+ 31.Kxf3 Bxd5+ ) 0-1

[Event "Vugar Gashimov Memorial 2023"]
[Site "Chess.com"]
[Date "2023.12.10"]
[Round "7"]
[White "Suleymanli, Aydin"]
[Black "Abbasov, Nijat"]
[Result "1-0"]
[WhiteElo "2517"]
[BlackElo "2554"]
[ECO "B51"]
[EventDate "2023.??.??"]
[Annotator "rafael"]
[PlyCount "65"]
[Beauty "8179362627157"]
[EventType "team-tourn"]
[TimeControl "600+10"]

1.e4 c5 2.Nf3 d6 3.Bb5+ Nd7 4.O-O a6 5.Be2 $5 {[%c_effect e2;square;e2;type;Interesting;persistent;true] A currently fashionable move.} ( 5.Bd3 ) ( 5.Bxd7+ ) 5...Ngf6 6.d3 {Black has to make a common decision for Sicilian players: where to develop the f8-bishop.} 6...g6 {The most popular choice but Carlsen played 6...e6.} ( 6...e6 7.a4 b6 8.Nfd2 {Perhaps this plan by Nepomniachtchi served as inspiration for Suleymanli.} 8...Be7 9.f4 O-O 10.Bf3 Bb7 11.Nc3 d5 12.g4 $1 {[%c_effect g4;square;g4;type;GreatFind;persistent;true] White has the initiative: Nepomniachtchi-Carlsen, AI Cup Div 1 Chess.com rapid 2023.} ) 7.a4 ( 7.c4 {is a good way of playing. A possible continuation is:} 7...Bg7 8.Nc3 O-O 9.d4 cxd4 10.Nxd4 {with the advantage.} ) 7...b6 {A good move, preparing development and preventing a4-a5.} 8.Nfd2 $5 {[%c_effect d2;square;d2;type;Interesting;persistent;true] The same plan Nepomniachtchi tried against Carlsen.} ( 8.c4 {followed by Nc3 is also possible.} ) 8...Bg7 9.f4 Bb7 10.Qe1 b5 {A good move, but castling is also perfectly possible.} ( 10...O-O $1 {[%c_effect g8;square;g8;type;GreatFind;persistent;true] White's attack doesn't seem so dangerous.} 11.Qh4 e6 ) 11.Nc3 ( 11.Bf3 $1 {[%c_effect f3;square;f3;type;GreatFind;persistent;true] with the idea of playing e4-e5, which is the best way to fight for the initiative.} ) 11...Qb6 ( 11...b4 12.Nd1 {The knight will be put back into play on e3.} ) 12.a5 $6 {[%c_effect a5;square;a5;type;Inaccuracy;persistent;true] This looks like a strange move, but White wants the queen in a worse position. The problem is that he loses the option of capturing on b5 and opening the queenside.} ( 12.Bf3 e5 13.g4 c4+ 14.Kh1 cxd3 15.g5 Nh5 {leads to a total mess.} ) 12...Qc7 13.Bf3 e5 $1 14.g4 ( 14.f5 $2 gxf5 $1 15.exf5 d5 {Black has a decisive positional advantage with such a strong center.} ) 14...exf4 ( 14...h6 {is also possible:} 15.f5 ( 15.g5 Nh7 $1 {[%c_effect h7;square;h7;type;GreatFind;persistent;true] White's pawn structure can collapse.} ) 15...gxf5 16.gxf5 h5 {Followed by long castling with the advantage. We can now see the problem of White having closed the queenside with a4-a5.} ) 15.g5 Ng8 16.Nd5 Qd8 ( 16...Bxd5 {is enough for the advantage:} 17.exd5+ Be5 ) 17.e5 $6 {[%c_effect e5;square;e5;type;Inaccuracy;persistent;true] This risky move will work very well, but objectively it's bad.} ( 17.Nxf4 Qxg5+ 18.Bg2 {White has some practical compensation for the pawn.} ) 17...Bxe5 $2 {[%c_effect e5;square;e5;type;Mistake;persistent;true] The two other captures are superior.} ( 17...Nxe5 18.Nf6+ Nxf6 $1 ( 18...Bxf6 $2 19.Bxb7 {with the advantage for White.} ) 19.Bxb7 ( 19.gxf6 $2 {[%c_effect f6;square;f6;type;Mistake;persistent;true] loses:} 19...Bxf3 20.fxg7 Qg5+ 21.Qg3 ( 21.Kf2 Qg2# ) 21...fxg3 22.gxh8=Q+ Kd7 $1 {[%c_effect d7;square;d7;type;GreatFind;persistent;true] and White can resign.} ) 19...Nh5 20.Bxa8 Qxa8 {with a big advantage for Black.} ) ( 17...dxe5 18.Nf6+ Bxf6 $1 19.Bxb7 Ra7 ( 19...Bxg5 {is also good.} ) 20.gxf6 Rxb7 {White doesn't have enough compensation.} ) 18.Nb6 $1 ( 18.Nf6+ {is bad:} 18...Ngxf6 19.Bxb7 Rb8 ) 18...Qxg5+ $6 {[%c_effect g5;square;g5;type;Inaccuracy;persistent;true] Another inaccurate move.} ( 18...Nxb6 19.Bxb7 Ra7 20.axb6 Rxb7 21.Ne4 {with complicated play.} ) ( 18...Rb8 19.Bxb7 Rxb7 20.Ne4 Nxb6 21.axb6 Qxb6 22.Bxf4 {with compensation for the sacrificed material.} ) ( 18...Bxf3 19.Nxf3 Ne7 $1 {[%c_effect e7;square;e7;type;GreatFind;persistent;true] is a good practical choice, offering the exchange in order to complete the development.} ) 19.Kh1 Rb8 $2 {[%c_effect b8;square;b8;type;Mistake;persistent;true] This move loses.} ( 19...Bxf3+ 20.Nxf3 Qd8 21.Nxd7 $1 ( 21.Nxa8 Qxa8 22.Bxf4 Ne7 {is very comfortable for Black.} ) 21...Qxd7 22.Nxe5 dxe5 23.Qxe5+ Qe6 {Black surprisingly survives.} 24.Qxh8 ( 24.Re1 Qxe5 25.Rxe5+ Ne7 26.Bxf4 Kd7 {with an equal endgame.} ) 24...Qd5+ 25.Kg1 Qg5+ 26.Kf2 O-O-O $1 {[%c_effect c8;square;c8;type;GreatFind;persistent;true] with counterplay that is enough for a draw, probably by perpetual check.} ) 20.Bxb7 Rxb7 $2 ( 20...Nxb6 {is the last chance.} 21.axb6 Rxb7 {White has many tempting continuations now.} 22.Rxa6 {This is the simplest with a clear advantage.} ( 22.Ne4 ) ( 22.Nf3 ) ) 21.Ne4 $1 Qh5 ( 21...Qe7 22.Nc8 $1 {[%c_effect c8;square;c8;type;GreatFind;persistent;true] This was probably missed by Abasov.} 22...Qe6 23.Ncxd6+ ) 22.Nxd6+ Kf8 23.Nxb7 Nxb6 24.axb6 {White is a rook up, and the game is over. He will finish it in style.} 24...f3 25.Qf2 Nf6 26.Bh6+ $1 Kg8 ( 26...Qxh6 27.Qxc5+ {followed by capturing the bishop.} ) 27.Rae1 Ng4 28.Qg3 $1 f6 ( 28...Bxg3 29.Re8# ) 29.Rxe5 fxe5 30.Bd2 ( 30.Nd8 {is very good, followed by b7.} ) 30...f2 31.h3 Nf6 32.Rxf2 Kg7 33.Bg5 1-0

[Event "Chess Classic 2023"]
[Site "London"]
[Date "2023.12.01"]
[Round "1"]
[White "Adams, Michael"]
[Black "Tabatabaei, M Amin"]
[Result "1-0"]
[WhiteElo "2661"]
[BlackElo "2692"]
[ECO "C50"]
[EventDate "2023.??.??"]
[Annotator "rafael"]
[PlyCount "93"]
[Beauty "7216350365193"]
[EventType "swiss"]
[EventRounds "9"]
[EventCountry "CAN"]
[TimeControl "5400+30"]

1.e4 e5 2.Nf3 Nc6 3.Bc4 Nf6 4.d3 Bc5 5.Nc3 {This Italian Opening with the knight on c3 was played a few days ago by Rapport. Adams had already played it a few times. Many different plans are possible in this opening and this is one of its attractions.} 5...h6 ( 5...O-O {Aronian simply castled in the aforementioned game against Rapport.} ) 6.O-O O-O 7.h3 d6 {I don't like this move very much, as it allows White to exchange the knight for the bishop, giving sense to the play with Nc3.} ( 7...a6 {is logical, opening the path for the bishop.} ) ( 7...Re8 {is also possible.} ) 8.Na4 $1 Bb6 9.a3 {A necessary move to open the way for the bishop and not allow a similar maneuver for Black with ...Na5. The exchange on b6 does not need to be done now, as the bishop has nowhere to run. In chess it's good to be flexible.} 9...Be6 {Other moves were tried recently:} ( 9...Bd7 10.Nxb6 axb6 11.Re1 Re8 12.c3 Be6 13.Bb5 Bd7 14.a4 Ne7 {with an equal position in Saric-Nihal, FIDE Grand Swiss Douglas 2023.} ) ( 9...Re8 10.b4 Be6 11.Bxe6 Rxe6 12.c4 {White is better: Esipenko-Nakamura, Chess.com rapid 2023.} ) 10.Bxe6 fxe6 11.c3 Qe8 12.b4 Ne7 13.Ra2 $1 {[%c_effect a2;square;a2;type;GreatFind;persistent;true] This plan has become traditional in the Italian, especially after an exchange of bishops on e6. The rook is very useful on the second rank, defending White's king and also putting pressure in the opposite position, going to c2 or d2.} 13...Kh8 {A new move. Tabatabaei has a dubious plan in mind.} ( 13...Nh5 14.Nxb6 axb6 {Van Foreest-Giri, NED-ch KO Utrecht 2023. Here the best move for White is} 15.a4 $1 {[%c_effect a4;square;a4;type;GreatFind;persistent;true] Preventing the move b6-b5 and keeping a small advantage.} ) ( 13...Ng6 {is perfectly normal.} 14.Re1 ) ( 13...c6 14.Nxb6 axb6 15.Be3 b5 16.a4 bxa4 17.Rxa4 {with some pressure for White.} ) 14.Re1 g5 $2 {[%c_effect g5;square;g5;type;Mistake;persistent;true] This plan is incorrect and is the main reason for Black's defeat. The position becomes very difficult to defend. It's a bit strange to play like this, considering that White has the supremacy of the dark squares and the king becomes a target on the a1-h8 diagonal.} ( 14...Ng6 {is better.} ) 15.d4 $1 {[%c_effect d4;square;d4;type;GreatFind;persistent;true] The good old adage: against an attack on the flank, counterattack in the center.} 15...Ng6 ( 15...exd4 16.cxd4 {is not good for Black either.} ) 16.dxe5 dxe5 17.Nxb6 cxb6 {Another strange move, although I can understand that Tabatabaei wanted to use the c-file.} ( 17...axb6 18.c4 {Preparing Rd2 followed by Bb2.} 18...g4 {Black must create some kind of attack.} 19.hxg4 Rd8 20.Rd2 Nxg4 {Here White has many paths to the advantage, but the most clear-cut is:} 21.Nh2 $1 Nxh2 22.Qh5 $1 Rxd2 23.Bxd2 Ng4 24.Qxg4 {with an overwhelming advantage.} ) 18.c4 Qc6 ( 18...g4 {The same variation we saw after 17...axb6 can happen now, in an even worse version for Black.} 19.hxg4 Rd8 20.Rd2 Nxg4 21.Nh2 $1 Nxh2 22.Qh5 ) 19.Rc2 {Adams is the co-author of an excellent book I read recently titled \"Think Like a Super GM.\" In this book, the GM, who is one of my favorite chess players in history and with whom I had the honor of playing twice, shows his decision-making process. One of the pieces of advice he gives that is useful for players of all levels is not to complicate a position that is already very favorable. He follows his own advice in the game we're analyzing. At times the computer suggests a sharper, possibly better move, but Adams prefers to control the game without adventures.} ( 19.Rd2 {is the machine's suggestion, sacrificing a pawn.} 19...Qxc4 ( 19...Nxe4 20.Rd3 Qxc4 21.Bb2 {Black's position is about to collapse.} ) 20.Bb2 {White firmly controls the d-file and the e5-pawn will soon be captured.} ) 19...Rad8 20.Qe2 Qa4 ( 20...Nf4 {improves Bllack's pawn structure a little, but the position remains horrible after} 21.Bxf4 exf4 22.c5 ) 21.c5 $1 {[%c_effect c5;square;c5;type;GreatFind;persistent;true] Bringing the rook into the game.} 21...Nh5 {This loses by force, but good advice is difficult.} ( 21...bxc5 22.Rxc5 ) ( 21...b5 22.c6 $1 ) 22.Rc3 {A solid choice, but here I really think Adams should have struck .} ( 22.Nxe5 $1 {[%c_effect e5;square;e5;type;GreatFind;persistent;true] wins on the spot.} 22...Nxe5 23.Bb2 {The knight on e5 is pinned and the other one is attacked.} ( 23.Qxh5 {Even this is winning, in this case with a bit of adventure.} 23...Qxc2 24.Qxh6+ Kg8 25.Qxg5+ Kh7 ( 25...Kf7 26.Qxe5 ) 26.Qxe5 Qxf2+ 27.Kh2 Qxe1 28.Bb2 {Black cannot defend mate.} 28...Rd7 29.Qh5+ Kg8 30.Qg6+ ) ) ( 22.cxb6 {is also pretty good.} 22...axb6 ( 22...Nhf4 23.Bxf4 Nxf4 24.Qc4 {with an easy win.} ) 23.Rc7 $1 {[%c_effect c7;square;c7;type;GreatFind;persistent;true] with a totally winning position.} ) 22...Nhf4 23.Bxf4 Nxf4 ( 23...exf4 {Black is left without a weak pawn on e5, but also without any shadow of initiative.} 24.Rec1 {with a nearly winning position for White after the invasion on the c-file.} ) 24.Qe3 Rd1 25.cxb6 ( 25.Nxe5 {is very tempting.} ) 25...axb6 26.Kh2 {Typical Adams play: solid and effective.} 26...Rxe1 27.Qxe1 Qd7 28.g3 Nh5 ( 28...Ng6 {doesn't help:} 29.Qe3 {Sooner or later White will take one or more pawns. Weaknesses abound.} ) 29.Nxe5 Qg7 30.Rf3 $1 {[%c_effect f3;square;f3;type;GreatFind;persistent;true] The most accurate.} 30...Rxf3 31.Nxf3 Nf6 32.Qe3 {As they say, the rest is a matter of technique, a skill that Adams isn't lacking.} 32...Qc7 33.Qd4 Kg7 34.Ne5 h5 35.Nf3 $1 g4 ( 35...Kg6 36.Qd3 {wins easily as well.} ) 36.hxg4 hxg4 37.e5 ( 37.Ne5 {is also good.} ) 37...gxf3 38.exf6+ Kf7 39.Qg4 Kxf6 40.Qxf3+ Ke7 41.Qe4 $1 {[%c_effect e4;square;e4;type;GreatFind;persistent;true] It's always good to centralize the queen. Black continues to have problems preventing the exchange of queens and defending the pawns, in addition to the material disadvantage he already has.} 41...Qb8 42.Qh4+ Kd7 43.Qd4+ Kc6 44.Qc4+ Kd6 45.Qf4+ e5 46.Qf6+ Kd5 47.Qxb6 1-0